Construct Section Command Post
Construct Platoon Command Post
Unlock M3 Stuart Light Tanks
Construct Field Infirmary
Construct Company Command Post
6-pounder Anti-tank Gun Team
6-pounder Anti-tank Gun Team
Selects Heavy Armor Battlegroup
Selects Rigorous Vehicle Training
Selects Forward Repair Assembly
Selects Churchill Black Prince Heavy Tank
Churchill Black Prince Heavy Tank
Selects Light Vehicle Withdraw and Refit
Unlock M3 Grant Medium Tanks